 Dungeon Crawl Stone Soup version 0.17.2-1-ge4368a0 (webtiles) character file.

3246 Goblin1989 the Basher (level 9, 0/66 HPs)
             Began as a Demonspawn Gladiator on Aug 18, 2016.
             Was a Follower of Makhleb.
             Slain by Joseph
             ... wielding a +0 quarterstaff
              (10 damage)
             ... on level 8 of the Dungeon.
             The game lasted 00:18:19 (6468 turns).

Goblin1989 the Basher (Demonspawn Gladiator)        Turns: 6468, Time: 00:18:20

Health: 0/66       AC: 11    Str: 20    XL:     9   Next: 67%
Magic:  0/9        EV: 12    Int:  9    God:    Makhleb [*.....]
Gold:   189        SH:  0    Dex: 13    Spells: 1 memorised, 2 levels left

rFire  . . .     SeeInvis +     C - +11 hand axe of Terra Nullius {freeze, SInv}
rCold  . . .     Clarity  .     h - +0 ring mail
rNeg   . . .     SustAt   .     (no shield)
rPois  .         Gourm    .     x - +2 helmet
rElec  .         Spirit   +     w - +0 cloak {+Inv}
rCorr  .         Warding  .     r - +0 pair of gloves
rMut   .         Stasis   .     (no boots)
MR     .....                    (no amulet)
Stlth  ++........               (no ring)
                                (no ring)

@: not resistant to hostile enchantments, unstealthy
A: claws 1, hooves 2, nightstalker 2, magic shield, magic regeneration
a: Renounce Religion, Evoke Invisibility


You were on level 8 of the Dungeon.
You worshipped Makhleb.
Makhleb was aware of your devotion.
You were not hungry.

You visited 2 branches of the dungeon, and saw 9 of its levels.

You collected 378 gold pieces.
You spent 189 gold pieces at shops.

Inventory:

Hand Weapons
 g - a +2 mace of protection
 C - the +11 hand axe of Terra Nullius (weapon) {freeze, SInv}
   (You found it on level 5 of the Dungeon)

   It has been specially enchanted to freeze those struck by it, causing extra
   injury to most foes and up to half again as much damage against particularly
   susceptible opponents.
   It can also slow down cold-blooded creatures.
   It lets you see invisible.
Missiles
 d - 2 throwing nets (quivered)
Armour
 h - a +0 ring mail (worn)
 r - a +0 pair of gloves (worn)
 w - a +0 cloak of invisibility (worn)
 x - a +2 helmet (worn)
Jewellery
 o - an uncursed ring of fire
Wands
 D - a wand of paralysis (13)
Scrolls
 a - 4 scrolls of enchant weapon
 f - 4 scrolls of identify
 k - 3 scrolls of magic mapping
 l - a scroll of enchant armour
 n - 2 scrolls of remove curse
 s - 2 scrolls of teleportation {unknown}
 v - a scroll of amnesia {unknown}
 y - a scroll of fog {unknown}
 z - a scroll of fear {unknown}
 E - a scroll of blinking {unknown}
Potions
 b - 4 potions of brilliance
 i - 4 potions of poison {unknown}
 j - a potion of curing
 m - a potion of magic
 p - a potion of cancellation
 t - 2 potions of ambrosia
 u - 4 potions of flight
Books
 B - a book of Enchantments

   Spells                             Type                      Level
   a - Cause Fear                     Hexes                        4
   b - Silence                        Hexes/Air                    5
   c - Deflect Missiles               Charms/Air                   6
   d - Haste                          Charms                       6
   e - Discord                        Hexes                        8
Comestibles
 c - a beef jerky
 e - 6 bread rations
 q - 3 meat rations
 A - 4 fruits


   Skills:
 * Level 4.6 Fighting
 - Level 4.4(7.9) Axes
 - Level 10.1(10.4) Maces & Flails
 - Level 1.7 Throwing
 - Level 3.3 Armour
 * Level 3.2 Dodging
 + Level 2.8 Unarmed Combat


You had 2 spell levels left.
You knew the following spells:

 Your Spells              Type           Power        Failure   Level  Hunger
a - Haste                 Chrm           #.......     100%        6    #######


Dungeon Overview and Level Annotations

Branches:
Dungeon (8/15)             Temple (1/1) D:7
   Lair: D:8-11

Altars:
Ashenzari
Cheibriados
Dithmenos
Elyvilon
Fedhas
Gozag
Kikubaaqudgha
Makhleb
Nemelex Xobeh
Okawaru
Qazlal
Ru
Sif Muna
Trog
Vehumet
Xom
Yredelemnul
Zin
The Shining One

Shops:
D:5 *(   D:6 [

Annotations:
D:8 Joseph


Innate Abilities, Weirdness & Mutations

You have sharp fingernails.
You have hoof-like feet.
You are significantly more attuned to the shadows.
When hurt, damage is shared between your health and your magic reserves.
You regenerate magic rapidly.


Message History

* * * LOW HITPOINT WARNING * * *
Found a scroll labeled YDOTA HORGH.
You take 11 damage, and have 8/66 hp.
You now have 1/9 mp.
You slash Joseph! You freeze Joseph. You kick Joseph, but do no damage.
Joseph is moderately wounded.
You closely miss Joseph. Your kick misses Joseph.
Joseph is moderately wounded.
Joseph barely misses you.
Drink which item? (? for menu, Esc to quit)
You feel better. Joseph hits you but does no damage.
You regained 7 hp, and now have 16/66 hp.
You slash Joseph! You freeze Joseph.
Joseph is heavily wounded.
Joseph hits you with an uncursed quarterstaff.
* * * LOW HITPOINT WARNING * * *
You take 6 damage, and have 10/66 hp.
You hit Joseph but do no damage. Your kick misses Joseph.
Joseph is heavily wounded.
Joseph hits you with an uncursed quarterstaff!
You die...

...........###
..............
......<###.### ?..
.......# #.# ...
.......# #.# ....
#.......###.#
..:.####.......#...#
.............(##.###
#..@@........'..#
#.....(.......####
#...../((.....#####
#.....##.(........#
#.....######......#
.#+#### #......#
#......# #......#
########


You could see Joseph.

Vanquished Creatures
  The ghost of Goblin1989 the Martial Artist, a novice DsMo of Qazlal (D:5)
  Grinder (D:6)
  Eustachio (D:5)
  A hippogriff (D:8)
  3 phantoms
  5 ogres
  3 centaurs
  A big kobold (D:7)
  5 giant frogs
  3 killer bees (D:7)
  A scorpion (D:6)
  3 crimson imps
  2 hounds (D:5)
  A centaur zombie (D:6)
  3 giant frog zombies
  Crazy Yiuf (D:3)
  Ijyb (D:3)
  2 orc priests
  4 giant frog skeletons
  An iguana (D:6)
  3 orc wizards
  3 worker ants
  A killer bee zombie (D:6)
  2 hound zombies
  A hound skeleton (D:4)
  Robin (D:3)
  7 adders
  3 gnolls (D:5)
  A shadow imp (D:6)
  An ooze (D:7)
  An adder zombie (D:6)
  2 worms
  18 orcs
  6 bats
  11 goblins
  7 hobgoblins
  13 jackals
  A ball python skeleton (D:5)
  10 giant cockroaches
  5 giant geckos
  7 giant newts
  12 kobolds
  7 rats
166 creatures vanquished.

Notes
Turn   | Place    | Note
--------------------------------------------------------------
     0 | D:1      | Goblin1989 the Demonspawn Gladiator began the quest for the Orb.
     0 | D:1      | Reached XP level 1. HP: 16/16 MP: 1/1
   256 | D:1      | Reached skill level 3 in Maces & Flails
   311 | D:1      | Gained mutation: When hurt, damage is shared between your health and your magic reserves. [demonic ancestry]
   311 | D:1      | Reached XP level 2. HP: 19/22 MP: 2/2
   714 | D:2      | Reached XP level 3. HP: 27/27 MP: 3/3
   767 | D:2      | Found a shimmering altar of Xom.
   768 | D:2      | Found a shimmering altar of Xom.
   768 | D:2      | Found a shimmering altar of Xom.
   771 | D:2      | Found a shimmering altar of Xom.
   789 | D:2      | Reached skill level 4 in Maces & Flails
  1166 | D:3      | Found a sacrificial altar of Ru.
  1168 | D:3      | Noticed an ogre
  1182 | D:3      | Killed an ogre
  1182 | D:3      | Reached skill level 5 in Maces & Flails
  1182 | D:3      | Gained mutation: You regenerate magic rapidly. [demonic ancestry]
  1182 | D:3      | Reached XP level 4. HP: 9/33 MP: 2/4
  1495 | D:3      | Noticed Robin
  1496 | D:3      | Gained mutation: You are slightly more attuned to the shadows. [demonic ancestry]
  1496 | D:3      | Reached XP level 5. HP: 33/38 MP: 5/5
  1517 | D:3      | Killed Robin
  1605 | D:3      | Found a glowing silver altar of Zin.
  1605 | D:3      | Noticed an angel
  1644 | D:3      | Noticed Ijyb
  1659 | D:3      | Killed Ijyb
  1686 | D:3      | Found an opulent altar of Gozag.
  1724 | D:3      | Found a white marble altar of Elyvilon.
  1870 | D:3      | Found a snail-covered altar of Cheibriados.
  1956 | D:3      | Noticed Crazy Yiuf
  1969 | D:3      | Killed Crazy Yiuf
  1969 | D:3      | Reached skill level 6 in Maces & Flails
  2618 | D:4      | Gained mutation: You are significantly more attuned to the shadows. [demonic ancestry]
  2618 | D:4      | Reached XP level 6. HP: 44/44 MP: 6/6
  2676 | D:4      | Found a blossoming altar of Fedhas.
  2904 | D:4      | Noticed a phantom
  2923 | D:4      | Killed a phantom
  3166 | D:5      | Entered Level 5 of the Dungeon
  3176 | D:5      | Reached skill level 7 in Maces & Flails
  3223 | D:5      | Noticed Goblin1989's ghost (novice DsMo)
  3301 | D:5      | Found Fokat's General Store.
  3307 | D:5      | Bought a scroll of magic mapping for 49 gold pieces
  3307 | D:5      | Bought a potion of heal wounds for 70 gold pieces
  3307 | D:5      | Bought a scroll of identify for 28 gold pieces
  3307 | D:5      | Bought a scroll of remove curse for 42 gold pieces
  3324 | D:5      | Found a shadowy altar of Dithmenos.
  3328 | D:5      | Gained mutation: You have large cloven feet. [demonic ancestry]
  3328 | D:5      | Reached XP level 7. HP: 50/50 MP: 7/7
  3499 | D:5      | Got an ebony hand axe
  3500 | D:5      | Identified the +11 hand axe of Terra Nullius {freeze, SInv} (You found it on level 5 of the Dungeon)
  3537 | D:5      | Killed Goblin1989's ghost
  3537 | D:5      | Reached skill level 8 in Maces & Flails
  3645 | D:5      | Reached skill level 1 in Axes
  3645 | D:5      | Gained mutation: You have hoof-like feet. [demonic ancestry]
  3645 | D:5      | Reached XP level 8. HP: 52/56 MP: 8/8
  3721 | D:5      | Noticed Eustachio
  3734 | D:5      | Killed Eustachio
  3803 | D:5      | Found Gyro Dac's Antique Weapon Shop.
  4067 | D:6      | Reached skill level 9 in Maces & Flails
  4135 | D:6      | Noticed Grinder
  4146 | D:6      | Killed Grinder
  4155 | D:6      | Reached skill level 10 in Maces & Flails
  4393 | D:6      | Gained mutation: You have sharp fingernails. [demonic ancestry]
  4393 | D:6      | Reached XP level 9. HP: 52/61 MP: 7/9
  4394 | D:6      | Goblin1989: тьфу!!!
  4419 | D:6      | Found a glowing golden altar of the Shining One.
  4419 | D:6      | Found an iron altar of Okawaru.
  4481 | D:6      | Found Rutwow's Armour Shoppe.
  4564 | D:6      | Reached skill level 1 in Armour
  4663 | D:6      | Reached skill level 1 in Unarmed Combat
  5377 | D:7      | Found a staircase to the Ecumenical Temple.
  5385 | Temple   | Entered the Ecumenical Temple
  5538 | Temple   | Became a worshipper of Makhleb the Destroyer
  5667 | D:7      | Found a stormy altar of Qazlal.
  5761 | D:7      | Found a radiant altar of Vehumet.
  6388 | D:8      | Reached * piety under Makhleb
  6448 | D:8      | Learned a level 6 spell: Haste
  6459 | D:8      | Noticed Joseph
  6468 | D:8      | Slain by Joseph

Action                   |  1- 3 |  4- 6 |  7- 9 || total
-------------------------+-------+-------+-------++-------
Melee: Mace              |    86 |   165 |    36 ||   287
       Flail             |     4 |       |       ||     4
       Hand axe          |       |       |   215 ||   215
Throw: Throwing net      |     2 |       |       ||     2
  Use: Scroll            |       |    12 |       ||    12
       Potion            |       |       |     4 ||     4
 Stab: Sleeping          |       |     8 |    13 ||    21
  Eat: Chunk             |     1 |     4 |     3 ||     8
       Royal jelly       |       |     1 |     1 ||     2
       Fruit             |       |       |     2 ||     2
       Bread ration      |       |       |     1 ||     1
